SNL (28 & UNDER)
WEST VIRGINIA POWER @ KEY WEST BARRACUDAS
07/22/2029
 
TOP OF THE 1ST
West Virginia Power batting - Pitching for Key West Barracudas : RHP George Bennion
Pitching: RHP George Bennion
Batting: RHB Matt Tucker 0-0: Called Strike
0-1: Ball
1-1: Foul Ball, location: 2F
1-2: Ball
2-2: Ball
3-2: Base on Balls
Batting: RHB Joaquín Vásquez 0-0: Ball
1-0: Swinging Strike
1-1: Ball
2-1: Called Strike
2-2: Foul Ball, location: 2F
2-2: Ball
3-2: Foul Ball, location: 2F
3-2: Strikes out swinging
Batting: RHB Luis Quezada 0-0: Ball
1-0: Swinging Strike
1-1: Ball
2-1: Ball
3-1: Base on Balls
Matt Tucker to second
Batting: RHB Joe Salas 0-0: Ball
1-0: Ball
2-0: Swinging Strike
2-1: Fly out, F9 (Flyball, 9LS)
Batting: LHB Jorge Luna 0-0: Called Strike
0-1: Swinging Strike
0-2: Ball
1-2: DOUBLE (Line Drive, 7LD)
Matt Tucker scores
Luis Quezada to third
Runner from 3rd tries for Home, SAFE, no throw
Batting: RHB Millard Walker 0-0: Swinging Strike
0-1: SINGLE (Groundball, 6MD)
Jorge Luna to third
Runner from 3rd tries for Home, SAFE, no throw
Batting: RHB Roberto Chávez 0-0: DOUBLE (Groundball, 5L)
Millard Walker to third
Runner from 3rd tries for Home, SAFE, no throw
Batting: RHB Julián Garza 0-0: Ball
1-0: Ball
2-0: Ball
3-0: Called Strike
3-1: SINGLE (Groundball, 34S) (infield hit)
Roberto Chávez to third
Batting: RHB Nick Mackin 0-0: Ball
1-0: Fly out, F8 (Flyball, 89M)
Top of the 1st over - 4 runs, 4 hits, 0 errors, 2 left on base; West Virginia 4 - Key West 0
BOTTOM OF THE 1ST
Key West Barracudas batting - Pitching for West Virginia Power : RHP Tomás Hurtado
Pitching: RHP Tomás Hurtado
Batting: SHB Luis Manuel López 0-0: Ball
1-0: Fly out, F7 (Line Drive, 7)
Batting: RHB Chris Adams 0-0: Called Strike
0-1: Called Strike
0-2: SOLO HOME RUN (Flyball, 8LXD), Distance : 428 ft
Batting: SHB José Espinoza 0-0: Ball
1-0: Ground out 4-3 (Groundball, 4)
Batting: SHB Héctor Jiménez 0-0: Called Strike
0-1: Swinging Strike
0-2: Strikes out swinging
Bottom of the 1st over - 1 run, 1 hit, 0 errors, 0 left on base; West Virginia 4 - Key West 1
TOP OF THE 2ND
West Virginia Power batting - Pitching for Key West Barracudas : RHP George Bennion
Batting: RHB Matt Tucker 0-0: Called Strike
0-1: Swinging Strike
0-2: Ball
1-2: Foul Ball, location: 2F
1-2: Strikes out swinging
Batting: RHB Joaquín Vásquez 0-0: Called Strike
0-1: Called Strike
0-2: Ground out U3 (Groundball, 34)
Batting: RHB Luis Quezada 0-0: Called Strike
0-1: Called Strike
0-2: Strikes out looking
Top of the 2nd over - 0 runs, 0 hits, 0 errors, 0 left on base; West Virginia 4 - Key West 1
BOTTOM OF THE 2ND
Key West Barracudas batting - Pitching for West Virginia Power : RHP Tomás Hurtado
Batting: SHB Júlio Ayala 0-0: Ball
1-0: Called Strike
1-1: Ball
2-1: Foul Ball, location: 2F
2-2: Foul Ball, location: 2F
2-2: Ball
3-2: Fly out, F7 (Flyball, 7S)
Pitching: RHP Esteban Garza
Batting: SHB Jacob Knapp 0-0: Ball
1-0: Ball
2-0: Ball
3-0: Called Strike
3-1: Base on Balls
Batting: RHB Anastasio Zartuche 0-0: Fly out, F5 (Line Drive, 5S)
Batting: LHB Mauro Díaz 0-0: Foul Ball, location: 2F
0-1: Fly out, F6 (Line Drive, 6M)
Bottom of the 2nd over - 0 runs, 0 hits, 0 errors, 1 left on base; West Virginia 4 - Key West 1
TOP OF THE 3RD
West Virginia Power batting - Pitching for Key West Barracudas : RHP George Bennion
Batting: RHB Joe Salas 0-0: Hit by Pitch
Batting: LHB Jorge Luna 0-0: 2-RUN HOME RUN (Flyball, 9LD), Distance : 356 ft
Batting: RHB Millard Walker 0-0: Ball
1-0: Called Strike
1-1: Ball
2-1: Swinging Strike
2-2: Foul Ball, location: 2F
2-2: SINGLE (Line Drive, 89S)
Pitching: RHP Bob Schneider
Batting: RHB Roberto Chávez 0-0: Called Strike
0-1: Ball
1-1: Ball
2-1: Called Strike
2-2: Ball
3-2: Ground out 4-3 (Groundball, 4S)
Millard Walker to second
Batting: RHB Julián Garza 0-0: Fly out, F8 (Flyball, 8RD)
Batting: RHB Nick Mackin 0-0: Called Strike
0-1: Foul Ball, location: 2F
0-2: Ball
1-2: Fly out, F5 (Line Drive, 5S)
Top of the 3rd over - 2 runs, 2 hits, 0 errors, 1 left on base; West Virginia 6 - Key West 1
BOTTOM OF THE 3RD
Key West Barracudas batting - Pitching for West Virginia Power : RHP Esteban Garza
Batting: LHB Juan Lima 0-0: Called Strike
0-1: Ground out U3 (Groundball, 3)
Batting: SHB Luis Manuel López 0-0: Ball
1-0: Ball
2-0: Called Strike
2-1: Foul Ball, location: 2F
2-2: Strikes out looking
Batting: RHB Chris Adams 0-0: SOLO HOME RUN (Line Drive, 7LD), Distance : 341 ft
Batting: SHB José Espinoza 0-0: Ground out 4-3 (Groundball, 4)
Bottom of the 3rd over - 1 run, 1 hit, 0 errors, 0 left on base; West Virginia 6 - Key West 2
TOP OF THE 4TH
West Virginia Power batting - Pitching for Key West Barracudas : RHP Bob Schneider
Batting: RHB Matt Tucker 0-0: Called Strike
0-1: Foul Ball, location: 2F
0-2: Ball
1-2: Ground out 4-3 (Groundball, 4)
Batting: RHB Joaquín Vásquez 0-0: Called Strike
0-1: SINGLE (Line Drive, 89S)
Batting: RHB Luis Quezada 0-0: Called Strike
Joaquín Vásquez is caught stealing 2nd base
0-1: Foul Ball, location: 2F
0-2: Ball
1-2: SINGLE (Groundball, 4MD)
Batting: RHB Joe Salas 0-0: Ball
1-0: Fielders Choice at 2nd, 6-4 (Groundball, 6)
Top of the 4th over - 0 runs, 2 hits, 0 errors, 1 left on base; West Virginia 6 - Key West 2
BOTTOM OF THE 4TH
Key West Barracudas batting - Pitching for West Virginia Power : RHP Esteban Garza
Batting: SHB Héctor Jiménez 0-0: Ball
1-0: Ball
2-0: Foul Ball, location: 2F
2-1: Fly out, F7 (Flyball, 7LS)
Batting: SHB Júlio Ayala 0-0: Ball
1-0: Ball
2-0: Called Strike
2-1: Ball
3-1: Ground out 1-3 (Groundball, 15S)
Batting: SHB Jacob Knapp 0-0: Ground out U3 (Groundball, 3L)
Bottom of the 4th over - 0 runs, 0 hits, 0 errors, 0 left on base; West Virginia 6 - Key West 2
TOP OF THE 5TH
West Virginia Power batting - Pitching for Key West Barracudas : RHP Bob Schneider
Batting: LHB Jorge Luna 0-0: Ground out 4-3 (Groundball, 4D)
Batting: RHB Millard Walker 0-0: Ball
1-0: Foul Ball, location: 2F
1-1: Ball
2-1: Called Strike
2-2: Ball
3-2: Foul Ball, location: 2F
3-2: Strikes out swinging
Batting: RHB Roberto Chávez 0-0: Ball
1-0: Fly out, F8 (Flyball, 8RS)
Top of the 5th over - 0 runs, 0 hits, 0 errors, 0 left on base; West Virginia 6 - Key West 2
BOTTOM OF THE 5TH
Key West Barracudas batting - Pitching for West Virginia Power : RHP Esteban Garza
Batting: RHB Anastasio Zartuche 0-0: Foul Ball, location: 2F
0-1: Ball
1-1: Called Strike
1-2: Ball
2-2: SINGLE (Flyball, 78S)
Batting: LHB Mauro Díaz 0-0: Called Strike
0-1: Called Strike
0-2: Ball
1-2: Foul Ball, location: 2F
1-2: Foul Ball, location: 2F
1-2: Strikes out swinging
Batting: LHB Juan Lima 0-0: Swinging Strike
0-1: Called Strike
0-2: Fly out, F3 (Line Drive, 3)
Batting: SHB Luis Manuel López 0-0: Ball
1-0: Fly out, F7 (Flyball, 7LM)
Bottom of the 5th over - 0 runs, 1 hit, 0 errors, 1 left on base; West Virginia 6 - Key West 2
TOP OF THE 6TH
West Virginia Power batting - Pitching for Key West Barracudas : RHP Bob Schneider
Batting: RHB Julián Garza 0-0: SINGLE (Groundball, 4MD)
Batting: RHB Nick Mackin 0-0: Called Strike
Julián Garza steals 2nd base
0-1: Foul Ball, location: 2F
0-2: Foul Ball, location: 2F
0-2: Foul Ball, location: 2F
0-2: Ball
1-2: Foul Ball, location: 2F
1-2: Ball
2-2: Fly out, F3 (Line Drive, 34)
Batting: RHB Matt Tucker 0-0: Called Strike
0-1: Foul Ball, location: 2F
0-2: Ball
1-2: Ball
2-2: Ball
3-2: SINGLE (Line Drive, 3)
Julián Garza to third
Batting: RHB Joaquín Vásquez 0-0: Called Strike
Matt Tucker steals 2nd base
0-1: Swinging Strike
0-2: Ball
1-2: Ball
2-2: Foul Ball, location: 2F
2-2: Strikes out swinging
Batting: RHB Luis Quezada 0-0: Ball
1-0: Swinging Strike
1-1: Ball
2-1: SINGLE (Flyball, 89M)
Julián Garza scores
Matt Tucker to third
Runner from 3rd tries for Home, SAFE, no throw
Batting: RHB Joe Salas 0-0: Ball
1-0: Ball
2-0: Ball
3-0: Called Strike
3-1: Fly out, F8 (Flyball, 8RS)
Top of the 6th over - 2 runs, 3 hits, 0 errors, 1 left on base; West Virginia 8 - Key West 2
BOTTOM OF THE 6TH
Key West Barracudas batting - Pitching for West Virginia Power : RHP Esteban Garza
Batting: RHB Chris Adams 0-0: Foul Ball, location: 2F
0-1: Called Strike
0-2: Ball
1-2: Strikes out swinging
Batting: SHB José Espinoza 0-0: Ball
1-0: Swinging Strike
1-1: Ball
2-1: Ball
3-1: Foul Ball, location: 2F
3-2: Foul Ball, location: 2F
3-2: Strikes out swinging
Batting: SHB Héctor Jiménez 0-0: Swinging Strike
0-1: SINGLE (Groundball, 34D)
Batting: SHB Júlio Ayala 0-0: Ball
1-0: Fielders Choice at 2nd, 6-4 (Groundball, 6)
Bottom of the 6th over - 0 runs, 1 hit, 0 errors, 1 left on base; West Virginia 8 - Key West 2
TOP OF THE 7TH
West Virginia Power batting - Pitching for Key West Barracudas : RHP Bob Schneider
Batting: LHB Jorge Luna 0-0: Ball
1-0: SINGLE (Groundball, 56D)
Pitching: RHP Gabe Lewis
Batting: RHB Millard Walker 0-0: Called Strike
0-1: Foul Ball, location: 2F
0-2: Ball
Wild Pitch!
Jorge Luna to second
1-2: Strikes out looking
Pitching: RHP Dennis Grange
Batting: RHB Roberto Chávez 0-0: Ball
1-0: SINGLE (Flyball, 8LS)
Jorge Luna to third
Batting: RHB Julián Garza 0-0: Foul Ball, location: 2F
0-1: Called Strike
0-2: Foul Ball, location: 2F
0-2: Foul Ball, location: 2F
0-2: Ball
1-2: Strikes out swinging
Batting: RHB Nick Mackin 0-0: Swinging Strike
0-1: Ball
1-1: Foul Ball, location: 2F
1-2: Strikes out swinging
Top of the 7th over - 0 runs, 2 hits, 0 errors, 2 left on base; West Virginia 8 - Key West 2
BOTTOM OF THE 7TH
Key West Barracudas batting - Pitching for West Virginia Power : RHP Esteban Garza
Pitching: RHP Roberto Marino
Batting: SHB Jacob Knapp 0-0: Called Strike
0-1: Ball
1-1: Ball
2-1: Foul Ball, location: 2F
2-2: Ball
3-2: Fly out, F8 (Flyball, 8LD)
Batting: RHB Anastasio Zartuche 0-0: Ball
1-0: Ball
2-0: Called Strike
2-1: DOUBLE (Flyball, 8LXD)
Batting: LHB Mauro Díaz 0-0: Ball
1-0: Fly out, F3 (Line Drive, 34)
Batting: LHB Juan Lima 0-0: Ground out 4-3 (Groundball, 4)
Bottom of the 7th over - 0 runs, 1 hit, 0 errors, 1 left on base; West Virginia 8 - Key West 2
TOP OF THE 8TH
West Virginia Power batting - Pitching for Key West Barracudas : RHP Dennis Grange
Batting: RHB Matt Tucker 0-0: Ball
1-0: SINGLE (Groundball, 34D)
Batting: RHB Joaquín Vásquez 0-0: Ball
1-0: SINGLE (Groundball, 56D)
Matt Tucker to second
Batting: RHB Luis Quezada 0-0: Ball
Matt Tucker steals 3rd base
1-0: Called Strike
1-1: Ball
2-1: Called Strike
2-2: Ball
3-2: Strikes out swinging
Batting: RHB Joe Salas 0-0: Ball
1-0: Ball
2-0: Ball
3-0: Base on Balls
Joaquín Vásquez to second
Batting: LHB Jorge Luna 0-0: Ball
1-0: Called Strike
1-1: Called Strike
1-2: Ball
2-2: Ball
3-2: Strikes out looking
Batting: RHB Millard Walker 0-0: Swinging Strike
0-1: Foul Ball, location: 2F
0-2: Hit by Pitch
Matt Tucker scores
Joaquín Vásquez to third
Joe Salas to second
Batting: RHB Roberto Chávez 0-0: Called Strike
0-1: Ball
1-1: Called Strike
1-2: SINGLE (Line Drive, 6D)
Joaquín Vásquez scores
Joe Salas to third
Millard Walker to second
Runner from 3rd tries for Home, SAFE, no throw
Batting: RHB Julián Garza 0-0: Ball
1-0: Swinging Strike
1-1: Foul Ball, location: 2F
1-2: Ball
2-2: Ball
3-2: Strikes out looking
Top of the 8th over - 3 runs, 3 hits, 0 errors, 2 left on base; West Virginia 11 - Key West 2
BOTTOM OF THE 8TH
Key West Barracudas batting - Pitching for West Virginia Power : RHP Roberto Marino
Batting: SHB Luis Manuel López 0-0: Ball
1-0: Ball
2-0: Foul Ball, location: 2F
2-1: Foul Ball, location: 2F
2-2: Foul Ball, location: 2F
2-2: Ground out U3 (Groundball, 3L)
Batting: RHB Chris Adams 0-0: Ball
1-0: Swinging Strike
1-1: Called Strike
1-2: Foul Ball, location: 2F
1-2: Ball
2-2: Foul Ball, location: 2F
2-2: Ball
3-2: Foul Ball, location: 2F
3-2: Base on Balls
Batting: SHB José Espinoza 0-0: Swinging Strike
0-1: Foul Ball, location: 2F
0-2: Ball
1-2: Ball
2-2: Ball
3-2: Fly out, F7 (Flyball, 7LS)
Batting: SHB Héctor Jiménez 0-0: Ground out 4-3 (Groundball, 4)
Bottom of the 8th over - 0 runs, 0 hits, 0 errors, 1 left on base; West Virginia 11 - Key West 2
TOP OF THE 9TH
West Virginia Power batting - Pitching for Key West Barracudas : RHP Dennis Grange
Pitching: RHP Gerald Núñez
Batting: RHB Nick Mackin 0-0: Fly out, F6 (Popup, 6S)
Batting: RHB Matt Tucker 0-0: Foul Ball, location: 2F
0-1: Foul Ball, location: 2F
0-2: Reached on error, E5 (Groundball, 56S)
Batting: RHB Joaquín Vásquez 0-0: Called Strike
0-1: Fly out, F7 (Line Drive, 7)
Batting: RHB Luis Quezada 0-0: Ball
Matt Tucker steals 2nd base
1-0: Called Strike
1-1: Ball
2-1: Ball
3-1: Base on Balls
Batting: RHB Joe Salas 0-0: Called Strike
0-1: Ball
1-1: Ball
2-1: Ball
3-1: Called Strike
3-2: Fly out, F8 (Flyball, 8RM)
Top of the 9th over - 0 runs, 0 hits, 1 error, 2 left on base; West Virginia 11 - Key West 2
BOTTOM OF THE 9TH
Key West Barracudas batting - Pitching for West Virginia Power : RHP Roberto Marino
Now in LF: Juan Carlos Ramos
Batting: SHB Júlio Ayala 0-0: Called Strike
0-1: Hit by Pitch
Batting: SHB Jacob Knapp 0-0: Called Strike
0-1: Foul Ball, location: 2F
0-2: Foul Ball, location: 2F
0-2: Ball
1-2: Foul Ball, location: 2F
1-2: Ball
2-2: Fielders Choice at 2nd, 6-4 (Groundball, 6)
Batting: RHB Anastasio Zartuche 0-0: SINGLE (Line Drive, 6)
Jacob Knapp to second
Batting: LHB Mauro Díaz 0-0: Fly out, F8 (Flyball, 8RM)
Batting: LHB Juan Lima 0-0: Called Strike
0-1: Called Strike
0-2: Ball
1-2: Ball
2-2: Foul Ball, location: 2F
2-2: Ball
3-2: Foul Ball, location: 2F
3-2: Fly out, F8 (Flyball, 8RM)
Bottom of the 9th over - 0 runs, 1 hit, 0 errors, 2 left on base; West Virginia 11 - Key West 2
Saturday, December 16th, 2017 - OOTP Baseball 18.8 Build 76